AoeStats
← Escobar's sicario

MegaRandom

509947231Analyzed
3v3 RM · 4d ago on Sep 28, 2026· 23m 0s· 6 players
Game mode
Random Map
Map size
Normal (6 player)
Population
200
Speed
Normal
Resources
Standard
Victory
Conquest
Starting age
Dark Age
Ending age
Imperial Age
RankedLock teamsTeams togetherTeam positionsShared explorationLock speedFull tech treeHidden civsTurbo modeCheats
Victory
Defeat
🇪🇸 Persians · Spain
1019
+14
🇫🇷 Varangians · France
1011
+15
🇬🇬 Spanish · Guernsey
1000
+15
🇵🇱 Huns · Poland
1043
-47
🇯🇪 Romans · Jersey
979
-15
🇵🇱 Spanish · Poland
930
-13
> NUTS <
1:35 Loom
11:33 Feudal Age
16:17 Castle Age
15:07 Stone Mining
17:18 Town Watch
Soinard
9:05 Loom
10:51 Feudal Age
16:07 Castle Age
14:07 Double-Bit Axe
15:11 Bloodlines
15:38 Scale Barding Armor
15:42 Horse Collar
23:14 Chain Barding Armor
23:22 Town Watch
pablov02
6:53 Loom
9:42 Feudal Age
11:51 Double-Bit Axe
18:47 Forging
20:03 Wheelbarrow
23:05 Castle Age
21:35 Scale Barding Armor
21:47 Bloodlines
23:35 Husbandry
Wujek Madona
5:01 Loom
10:59 Feudal Age
12:05 Double-Bit Axe
15:21 Wheelbarrow
Devious Duck
12:12 Feudal Age
13:09 Loom
15:59 Castle Age
Escobar's sicario
1:59 Loom
10:38 Feudal Age
11:15 Double-Bit Axe
13:14 Wheelbarrow
17:50 Castle Age
16:32 Stone Mining
Connection lost

Rejoining the realm…

Still unreachable

The connection could not be restored.

Session expired

The server has moved on; the page needs a fresh start.